SA
SYRACUSE STORM @ GRIM REAPERS
09/04/2041
 
TOP OF THE 1ST
Syracuse Storm batting - Pitching for Grim Reapers : LHP Jarko Aravirta
Pitching: LHP Jarko Aravirta
Batting: RHB Emílio Pueblo 0-0: Ball
1-0: Fly out, F9 (Line Drive, 9, EV 109.4 MPH)
Batting: LHB Bobby Verstraten 0-0: Swinging Strike
0-1: Ball
1-1: Ball
2-1: Ground out 4-3 (Groundball, 4S, EV 80.0 MPH)
Batting: LHB James Berry 0-0: Ball
1-0: Foul Ball, location: 2F
1-1: Ball
2-1: Ball
3-1: Ground out 1-3 (Groundball, P, EV 61.9 MPH)
Top of the 1st over - 0 runs, 0 hits, 0 errors, 0 left on base; Syracuse 0 - Grim 0
BOTTOM OF THE 1ST
Grim Reapers batting - Pitching for Syracuse Storm : RHP Jong-hoon Wang
Pitching: RHP Jong-hoon Wang
Batting: RHB Ron Lott 0-0: Ball
1-0: Swinging Strike
1-1: Ball
2-1: Ball
3-1: Called Strike
3-2: Foul Ball, location: 2F
3-2: Foul Ball, location: 2F
3-2: Foul Ball, location: 2F
3-2: Strikes out looking
Batting: RHB John Crosby 0-0: Called Strike
0-1: Ground out U3 (Groundball, 3L, EV 88.1 MPH)
Batting: SHB Huang-di Shu 0-0: SINGLE (Line Drive, 7S, EV 97.5 MPH)
Batting: RHB Joe Holmes 0-0: Called Strike
0-1: SINGLE (Flyball, 9S, EV 92.5 MPH)
Huang-di Shu to second
Runner from 2nd tries for 3rd, SAFE, no throw by RF
Batting: LHB John Manley 0-0: Called Strike
0-1: Ball
1-1: Ball
2-1: Swinging Strike
2-2: Foul Ball, location: 2F
2-2: Fly out, F8 (Flyball, 8RXD, EV 93.8 MPH)
Bottom of the 1st over - 0 runs, 2 hits, 0 errors, 2 left on base; Syracuse 0 - Grim 0
TOP OF THE 2ND
Syracuse Storm batting - Pitching for Grim Reapers : LHP Jarko Aravirta
Batting: RHB Julian Lemur 0-0: Called Strike
0-1: Foul Ball, location: 2F
0-2: Fly out, F8 (Flyball, 8LD, EV 83.1 MPH)
Batting: LHB Nathan Shallcross 0-0: Called Strike
0-1: SINGLE (Line Drive, 7S, EV 86.9 MPH)
Batting: SHB Christopher Tracy 0-0: Ball
1-0: Foul Ball, location: 2F
1-1: Swinging Strike
1-2: Ball
Nathan Shallcross steals 2nd base
2-2: Strikes out swinging
Batting: RHB Randy Baker 0-0: Called Strike
0-1: Swinging Strike
0-2: Foul Ball, location: 2F
0-2: Ball
1-2: Foul Ball, location: 2F
1-2: Strikes out looking
Top of the 2nd over - 0 runs, 1 hit, 0 errors, 1 left on base; Syracuse 0 - Grim 0
BOTTOM OF THE 2ND
Grim Reapers batting - Pitching for Syracuse Storm : RHP Jong-hoon Wang
Batting: RHB Norihisa Kino 0-0: Foul Ball, location: 2F
0-1: Ball
1-1: Called Strike
1-2: Strikes out swinging, 2-3 out at first.
Batting: RHB Curtis Tiger 0-0: Ball
1-0: Foul Ball, location: 2F
1-1: Ground out 6-3 (Groundball, 6M, EV 80.0 MPH)
Batting: RHB Jim McCourtney 0-0: SINGLE (Groundball, 6, EV 104.4 MPH) (infield hit)
Batting: RHB Gary Pueblo 0-0: Ball
1-0: Foul Ball, location: 2F
1-1: TRIPLE (Flyball, 9D, EV 104.4 MPH)
Jim McCourtney scores
Batting: RHB Ron Lott 0-0: Called Strike
0-1: Called Strike
0-2: Strikes out swinging
Bottom of the 2nd over - 1 run, 2 hits, 0 errors, 1 left on base; Syracuse 0 - Grim 1
TOP OF THE 3RD
Syracuse Storm batting - Pitching for Grim Reapers : LHP Jarko Aravirta
Batting: RHB Jung Chong 0-0: SINGLE (Line Drive, 4D, EV 101.2 MPH)
Batting: RHB Charlie Yaeger 0-0: Called Strike
0-1: Ball
1-1: Foul Ball, location: 2F
1-2: Ball
2-2: Ball
3-2: Fielders Choice at 2nd, 1-6 (Groundball, 34S, EV 81.9 MPH)
Batting: RHB Emílio Pueblo 0-0: Foul Ball, location: 2F
0-1: Called Strike
0-2: Ball
1-2: Ball
2-2: Ball
3-2: Fly out, F6 (Line Drive, 6, EV 65.6 MPH)
Batting: LHB Bobby Verstraten 0-0: Swinging Strike
0-1: Ball
1-1: Swinging Strike
1-2: Foul Ball, location: 2F
1-2: Strikes out swinging
Top of the 3rd over - 0 runs, 1 hit, 0 errors, 1 left on base; Syracuse 0 - Grim 1
BOTTOM OF THE 3RD
Grim Reapers batting - Pitching for Syracuse Storm : RHP Jong-hoon Wang
Batting: RHB John Crosby 0-0: Ball
1-0: Swinging Strike
1-1: Ball
2-1: Called Strike
2-2: Foul Ball, location: 2F
2-2: Ball
3-2: Foul Ball, location: 2F
3-2: Strikes out swinging
Batting: SHB Huang-di Shu 0-0: Ball
1-0: Ball
2-0: Swinging Strike
2-1: Ball
3-1: Foul Ball, location: 2F
3-2: Base on Balls
Batting: RHB Joe Holmes 0-0: Foul Ball, location: 2F
0-1: Ball
1-1: Fly out, F8 (Flyball, 8RS, EV 75.0 MPH)
Batting: LHB John Manley 0-0: Swinging Strike
0-1: SINGLE (Groundball, 4MD, EV 103.8 MPH)
Huang-di Shu to second
Batting: RHB Norihisa Kino 0-0: Foul Ball, location: 2F
0-1: Fly out, F8 (Flyball, 8LS, EV 95.0 MPH)
Bottom of the 3rd over - 0 runs, 1 hit, 0 errors, 2 left on base; Syracuse 0 - Grim 1
TOP OF THE 4TH
Syracuse Storm batting - Pitching for Grim Reapers : LHP Jarko Aravirta
Batting: LHB James Berry 0-0: Foul Ball, location: 2F
0-1: Called Strike
0-2: Strikes out swinging
Batting: RHB Julian Lemur 0-0: Foul Ball, location: 2F
0-1: Foul Ball, location: 2F
0-2: Strikes out swinging
Batting: LHB Nathan Shallcross 0-0: Fly out, F7 (Flyball, 78D, EV 101.2 MPH)
Top of the 4th over - 0 runs, 0 hits, 0 errors, 0 left on base; Syracuse 0 - Grim 1
BOTTOM OF THE 4TH
Grim Reapers batting - Pitching for Syracuse Storm : RHP Jong-hoon Wang
Batting: RHB Curtis Tiger 0-0: Ball
1-0: Ground out 5-3 (Groundball, 56S, EV 76.2 MPH)
Batting: RHB Jim McCourtney 0-0: Ball
1-0: Ball
2-0: Ground out 5-3 (Groundball, 56, EV 99.4 MPH)
Batting: RHB Gary Pueblo 0-0: Ball
1-0: Ball
2-0: Called Strike
2-1: Ball
3-1: DOUBLE (Groundball, 5L, EV 108.8 MPH)
Batting: RHB Ron Lott 0-0: Fly out, F8 (Flyball, 8LD, EV 96.2 MPH)
Bottom of the 4th over - 0 runs, 1 hit, 0 errors, 1 left on base; Syracuse 0 - Grim 1
TOP OF THE 5TH
Syracuse Storm batting - Pitching for Grim Reapers : LHP Jarko Aravirta
Batting: SHB Christopher Tracy 0-0: Ball
1-0: Foul Ball, location: 2F
1-1: Ball
2-1: Foul Ball, location: 2F
2-2: SOLO HOME RUN (Flyball, 7LD, EV 96.2 MPH), Distance : 354 ft
Batting: RHB Randy Baker 0-0: Ball
1-0: Foul Ball, location: 2F
1-1: Ball
2-1: Called Strike
2-2: SINGLE (Groundball, 5D, EV 99.4 MPH)
Batting: RHB Jung Chong 0-0: Swinging Strike
Pickoff Throw to First - Out! 1-3
0-1: Ground out 4-3 (Groundball, 4, EV 97.5 MPH)
Batting: RHB Charlie Yaeger 0-0: Fly out, F9 (Flyball, 9LD, EV 91.9 MPH)
Top of the 5th over - 1 run, 2 hits, 0 errors, 0 left on base; Syracuse 1 - Grim 1
BOTTOM OF THE 5TH
Grim Reapers batting - Pitching for Syracuse Storm : RHP Jong-hoon Wang
Batting: RHB John Crosby 0-0: Fly out, F4 (Line Drive, 4, EV 68.1 MPH)
Batting: SHB Huang-di Shu 0-0: Called Strike
0-1: Ball
1-1: Ball
2-1: Ball
3-1: Called Strike
3-2: Base on Balls
Batting: RHB Joe Holmes 0-0: DOUBLE (Line Drive, 89M, EV 95.0 MPH)
Huang-di Shu to third
Runner from 3rd tries for Home, SAFE, throw by RF to trailing runner, SAFE at third!
Batting: LHB John Manley 0-0: Ball
1-0: Ground out U3 (Groundball, 34, EV 80.6 MPH)
Batting: RHB Norihisa Kino 0-0: Ball
1-0: Called Strike
1-1: Swinging Strike
1-2: Ground out 6-3 (Groundball, 6, EV 80.6 MPH)
Bottom of the 5th over - 1 run, 1 hit, 0 errors, 1 left on base; Syracuse 1 - Grim 2
TOP OF THE 6TH
Syracuse Storm batting - Pitching for Grim Reapers : LHP Jarko Aravirta
Pitching: LHP Radislav Ciger
Batting: RHB Emílio Pueblo 0-0: Called Strike
0-1: Ball
1-1: Foul Ball, location: 2F
1-2: Ball
2-2: Foul Ball, location: 2F
2-2: Strikes out swinging
Batting: LHB Bobby Verstraten 0-0: Foul Ball, location: 2F
0-1: Swinging Strike
0-2: Foul Ball, location: 2F
0-2: Ball
1-2: Fly out, F7 (Flyball, 7LSF, EV 96.2 MPH)
Batting: LHB James Berry 0-0: Ball
1-0: Fly out, F7 (Flyball, 7S, EV 89.4 MPH)
Top of the 6th over - 0 runs, 0 hits, 0 errors, 0 left on base; Syracuse 1 - Grim 2
BOTTOM OF THE 6TH
Grim Reapers batting - Pitching for Syracuse Storm : RHP Jong-hoon Wang
Batting: RHB Curtis Tiger 0-0: Ball
1-0: Ground out 5-3 (Groundball, 56, EV 81.9 MPH)
Batting: RHB Jim McCourtney 0-0: Ball
1-0: SINGLE (Groundball, 4MD, EV 105.6 MPH)
Batting: RHB Gary Pueblo 0-0: Ball
1-0: Fly out, F8 (Flyball, 8RM, EV 88.8 MPH)
Batting: RHB Ron Lott 0-0: Ball
1-0: Called Strike
1-1: Called Strike
1-2: Foul Ball, location: 2F
1-2: Strikes out swinging
Bottom of the 6th over - 0 runs, 1 hit, 0 errors, 1 left on base; Syracuse 1 - Grim 2
TOP OF THE 7TH
Syracuse Storm batting - Pitching for Grim Reapers : LHP Radislav Ciger
Batting: RHB Julian Lemur 0-0: Ball
1-0: Called Strike
1-1: Ball
2-1: Foul Ball, location: 2F
2-2: Foul Ball, location: 2F
2-2: Ball
3-2: Strikes out looking
Batting: LHB Nathan Shallcross 0-0: Ball
1-0: Foul Ball, location: 2F
1-1: Called Strike
1-2: Ball
2-2: Ground out 4-3 (Groundball, 34, EV 102.5 MPH)
Batting: SHB Christopher Tracy 0-0: SINGLE (Groundball, 56S, EV 75.0 MPH) (infield hit)
Batting: RHB Randy Baker 0-0: Ball
1-0: Ball
2-0: Swinging Strike
2-1: Foul Ball, location: 2F
2-2: Ball
3-2: Strikes out swinging
Top of the 7th over - 0 runs, 1 hit, 0 errors, 1 left on base; Syracuse 1 - Grim 2
BOTTOM OF THE 7TH
Grim Reapers batting - Pitching for Syracuse Storm : RHP Jong-hoon Wang
Batting: RHB John Crosby 0-0: Ball
1-0: Ball
2-0: Ball
3-0: Base on Balls
Batting: SHB Huang-di Shu 0-0: Ball
1-0: Ball
2-0: Ball
3-0: Base on Balls
John Crosby to second
Pitching: RHP Pete Bird
Batting: RHB Joe Holmes 0-0: Ball
1-0: Ball
2-0: Called Strike
2-1: Fly out, F8 (Flyball, 8RM, EV 83.1 MPH)
Batting: LHB John Manley 0-0: Ball
1-0: SINGLE (Groundball, 6MD, EV 97.5 MPH)
John Crosby to third
Huang-di Shu to second
Runner from 3rd tries for Home, SAFE, throw by CF to home
Batting: RHB Norihisa Kino 0-0: SINGLE (Groundball, 56D, EV 98.1 MPH)
Huang-di Shu to third
John Manley to second
Batting: RHB Curtis Tiger 0-0: Ball
1-0: Foul Ball, location: 2F
1-1: Swinging Strike
1-2: Fly out, F8 (Line Drive, 8RD, EV 98.8 MPH)
Runner from 3rd tags up, SCORES, throw by CF
John Manley to third
Batting: RHB Jim McCourtney 0-0: DOUBLE (Groundball, 5L, EV 105.0 MPH)
John Manley scores
Norihisa Kino to third
Runner from 3rd tries for Home, SAFE, no throw by LF
Batting: RHB Gary Pueblo 0-0: Called Strike
0-1: Ball
1-1: Ball
2-1: Ground out 1-3 (Groundball, 15, EV 71.2 MPH)
Bottom of the 7th over - 4 runs, 3 hits, 0 errors, 1 left on base; Syracuse 1 - Grim 6
TOP OF THE 8TH
Syracuse Storm batting - Pitching for Grim Reapers : LHP Radislav Ciger
Batting: RHB Jung Chong 0-0: Ground out 5-3 (Groundball, 56, EV 110.0 MPH)
Batting: RHB Charlie Yaeger 0-0: Called Strike
0-1: Ball
1-1: Swinging Strike
1-2: Foul Ball, location: 2F
1-2: Strikes out swinging, 2-3 out at first.
Pitching: RHP Roberto Días
Batting: RHB Emílio Pueblo 0-0: Ball
1-0: Called Strike
1-1: DOUBLE (Line Drive, 78D, EV 103.1 MPH)
Batting: LHB Bobby Verstraten 0-0: Called Strike
0-1: Foul Ball, location: 2F
0-2: Strikes out swinging
Top of the 8th over - 0 runs, 1 hit, 0 errors, 1 left on base; Syracuse 1 - Grim 6
BOTTOM OF THE 8TH
Grim Reapers batting - Pitching for Syracuse Storm : RHP Pete Bird
Batting: RHB Ron Lott 0-0: Ball
1-0: Called Strike
1-1: Foul Ball, location: 2F
1-2: Ground out 3-1 (Groundball, 34, EV 104.4 MPH)
Batting: RHB John Crosby 0-0: Called Strike
0-1: Ball
1-1: Called Strike
1-2: Ball
2-2: SOLO HOME RUN (Flyball, 78XD, EV 101.2 MPH), Distance : 426 ft
Batting: SHB Huang-di Shu 0-0: Ball
1-0: Ball
2-0: Ball
3-0: Base on Balls
Batting: RHB Joe Holmes 0-0: Called Strike
0-1: Called Strike
0-2: Strikes out swinging
Batting: LHB John Manley 0-0: Ball
1-0: Foul Ball, location: 2F
1-1: Ball
2-1: SINGLE (Groundball, 6D, EV 97.5 MPH)
Huang-di Shu to second
Batting: RHB Norihisa Kino 0-0: Swinging Strike
0-1: Ball
1-1: Ball
2-1: Swinging Strike
2-2: Ball
3-2: Base on Balls
Huang-di Shu to third
John Manley to second
Batting: RHB Curtis Tiger 0-0: Ball
1-0: Ball
2-0: Called Strike
2-1: Fly out, F8 (Line Drive, 8LD, EV 91.2 MPH)
Bottom of the 8th over - 1 run, 2 hits, 0 errors, 3 left on base; Syracuse 1 - Grim 7
TOP OF THE 9TH
Syracuse Storm batting - Pitching for Grim Reapers : RHP Roberto Días
Batting: LHB James Berry 0-0: Ball
1-0: Called Strike
1-1: Foul Ball, location: 2F
1-2: Ball
2-2: SINGLE (Flyball, 7S, EV 92.5 MPH)
Batting: RHB Julian Lemur 0-0: Ball
1-0: Called Strike
1-1: Called Strike
1-2: Ball
2-2: Foul Ball, location: 2F
2-2: DOUBLE (Line Drive, 7LM, EV 113.8 MPH)
James Berry to third
Batting: LHB Nathan Shallcross 0-0: Ball
1-0: Ball
2-0: Ball
3-0: Called Strike
3-1: Fly out, F7 (Line Drive, 7D, EV 86.2 MPH)
Runner from 3rd tags up, SCORES, no throw by LF
Pitching: RHP James Fitzgerald
Batting: SHB Christopher Tracy 0-0: Ball
1-0: Called Strike
1-1: Called Strike
1-2: Strikes out swinging
Batting: RHB Randy Baker 0-0: Swinging Strike
0-1: Swinging Strike
0-2: Strikes out swinging, 2-3 out at first.
Top of the 9th over - 1 run, 2 hits, 0 errors, 1 left on base; Syracuse 2 - Grim 7
Tuesday, January 5th, 2021 - OOTP Baseball 20.8 Build 74